 Dungeon Crawl Stone Soup version 0.27.1-4-g1640c2035a (webtiles) character file.

Game seed: 14580076913494362274

4787 Tinkle the Cleaver (level 10, -4/81 HPs)
             Began as a Minotaur Berserker on Nov 8, 2021.
             Was an Elder of Trog.
             Slain by a two-headed ogre (19 damage)
             ... on level 8 of the Dungeon.
             The game lasted 00:27:30 (9961 turns).

Tinkle the Cleaver (Minotaur Berserker)             Turns: 9961, Time: 00:27:32

Health: -4/81      AC: 14    Str: 31    XL:     10   Next: 24%
Magic:  9/9        EV:  9    Int:  4    God:    Trog [****..]
Gold:   513        SH:  5    Dex: 10    Spells: 9/9 levels left

rFire    + . .     SeeInvis .   a - +0 war axe
rCold    + + .     Faith    .   K - +0 buckler
rNeg     . . .     Spirit   .   O - +2 plate armour {rC+}
rPois    .         Reflect  .   (helmet restricted)
rElec    .         Harm     .   v - scarf {rC+ rF+}
rCorr    .         Rampage  .   (no gloves)
Will     ++...                  (no boots)
Stlth    ..........             (no amulet)
HPRegen  1.23/turn              b - ring of flight
MPRegen  0.11/turn              N - +6 ring of strength

@: mighty, strong-willed, flying, regenerating
A: horns 2, retaliatory headbutt
a: Renounce Religion, Berserk, Trog's Hand, Brothers in Arms


You were on level 8 of the Dungeon.
You worshipped Trog.
Trog was greatly pleased with you.
You visited 1 branch of the dungeon, and saw 9 of its levels.
You also visited: Ossuary.

You collected 513 gold pieces.

Inventory:

Hand Weapons
 a - a +0 war axe (weapon)
 J - a +0 hand axe
Missiles
 p - 11 atropa-tipped darts
 t - 5 boomerangs (quivered)
 I - a curare-tipped dart
 P - 17 poisoned darts
Armour
 v - a scarf of resistance (worn)
 y - the +4 scale mail "Azayh" {Will+ Int+3}
   (You found it on level 4 of the Dungeon)

   Int:       It affects your intelligence (+3).
   Will:      It increases your willpower.
 A - a +0 tower shield
 K - a +0 buckler (worn)
 M - +2 swamp dragon scales
 O - a +2 plate armour of cold resistance (worn)
Jewellery
 b - a ring of flight (left hand)
 h - a +6 ring of dexterity
 q - a +6 ring of dexterity
 D - a +6 ring of intelligence
 N - a +6 ring of strength (right hand)
Wands
 j - a wand of paralysis (6)
 C - a wand of flame (15)
 F - a wand of polymorph (7)
 L - a wand of iceblast (6)
Scrolls
 d - 2 scrolls of magic mapping {unknown}
 e - 6 scrolls of teleportation
 f - a scroll of vulnerability {unknown}
 g - a scroll of torment {unknown}
 i - 2 scrolls of enchant armour {unknown}
 k - a scroll of immolation {unknown}
 l - a scroll of noise {unknown}
 m - 2 scrolls of fear {unknown}
 n - 4 scrolls of enchant weapon {unknown}
 B - 2 scrolls of fog {unknown}
 G - a scroll of blinking {unknown}
 H - 2 scrolls of identify
Potions
 c - 2 potions of lignification {unknown}
 o - 2 potions of might {unknown}
 r - 2 potions of flight {unknown}
 s - a potion of mutation {unknown}
 u - 2 potions of degeneration {unknown}
 w - 2 potions of brilliance {unknown}
 x - 7 potions of curing
 z - a potion of invisibility
 E - a potion of heal wounds {unknown}


   Skills:
 - Level 5.0 Fighting
 + Level 14.7 Axes
 - Level 5.0 Armour
 - Level 5.0 Dodging
 - Level 5.2 Shields
 + Level 2.1 Evocations


You had 9 spell levels left.
You didn't know any spells.
Your spell library was empty.

Dungeon Overview and Level Annotations

Branches:
Dungeon (9/15)             Temple (0/1) D:7         Ossuary (visited)
   Lair: D:8-11         Orc: D:9-12

Altars:
Ashenzari
Cheibriados
Dithmenos
Qazlal
Xom
Zin


Innate Abilities, Weirdness & Mutations

You have a pair of horns on your head.
You reflexively headbutt those who attack you in melee.


Message History

You see here a +0 hand axe.
Psyche gestures wildly while chanting.
A swirling arc of seething chaos appears!
The arc of chaos hits you.
Items here: )) [ †.
Psyche hits you with a +4 dagger of chaos.
You see here a +0 hand axe.
You slash Psyche! Your headbutt misses Psyche.
Psyche is heavily wounded.
Psyche hits you with a +4 dagger of chaos.
Space bends around you.
You miss Psyche.
Psyche is heavily wounded.
Psyche hits you but does no damage.
You slash Psyche!
Psyche is almost dead.
Psyche hits you with a +4 dagger of chaos!
You feel very mighty all of a sudden.
You slash Psyche!
You kill Psyche!
Trog accepts your kill.
Trog appreciates your killing of a magic user.
Your Evocations skill increases to level 2!
The two-headed ogre barely misses you.
The two-headed ogre hits you but does no damage.
Items here: ! ))) [[[ ÷÷.
The two-headed ogre hits you with a +0 giant club!
The two-headed ogre barely misses you.
Items here: )) [[ ††.
You completely miss the two-headed ogre.
Your headbutt misses the two-headed ogre.
The two-headed ogre hits you with a +0 giant club!
The two-headed ogre completely misses you.
You slash the two-headed ogre!
Your headbutt misses the two-headed ogre.
The two-headed ogre is lightly wounded.
The two-headed ogre hits you with a +0 giant club!!
* * * LOW HITPOINT WARNING * * *
The two-headed ogre hits you with a +0 giant club!!
You die...

#............# ######
#............# #
##...........# #
###...........# ########
...............# #.......
...)............# #.##.##.
................# #.#...#.
#####...........# ##.......
#.........@O#######..#...#.
##########)))))......##...#
##########.....###
##.##.#.## #..#....#.
#.....(..# #..#...#..
#..##.##.# #........#


You could see a two-headed ogre.

Vanquished Creatures
  Maggie (D:6)
  A kobold demonologist (D:9)
  Psyche (D:8)
  Grinder (D:6)
  A steam dragon (D:7)
  Menkaure (D:6)
  2 water moccasins
  An orc warrior (D:7)
  2 black bears (D:5)
  5 necrophages
  5 ogres
  An ice beast (D:8)
  A centaur (D:7)
  A phantom (D:7)
  A kobold brigand (D:7)
  5 bullfrogs
  2 scorpions
  2 water moccasin skeletons
  5 wights (D:6)
  A howler monkey (D:7)
  3 crimson imps (D:6)
  2 bullfrog zombies
  A jelly (D:7)
  4 hounds
  2 orc priests
  2 bullfrog skeletons
  A centaur skeleton (D:6)
  4 iguanas
  A scorpion zombie (D:5)
  6 orc wizards
  2 killer bee zombies (D:6)
  A hound zombie (D:5)
  4 mummies (Ossuary)
  2 howler monkey zombies
  9 gnolls
  5 adders
  2 white imps (D:5)
  An ufetubus (D:5)
  A worm (D:2)
  5 dart slugs
  17 orcs
  4 endoplasms
  5 giant cockroaches
  2 gnoll zombies (Ossuary)
  8 goblins
  6 hobgoblins
  4 jackals (D:1)
  2 quokkas (D:5)
  4 ball pythons
  5 bats
  6 frilled lizards
  6 gnoll skeletons (Ossuary)
  4 goblin skeletons (Ossuary)
  3 goblin zombies (Ossuary)
  4 hobgoblin skeletons (Ossuary)
  5 hobgoblin zombies (Ossuary)
  11 kobolds
  3 kobold skeletons (Ossuary)
  4 kobold zombies (Ossuary)
  5 orc skeletons (Ossuary)
  6 orc zombies (Ossuary)
  5 rats
  3 rat skeletons (Ossuary)
  5 rat zombies (Ossuary)
225 creatures vanquished.

Notes
Turn   | Place    | Note
-------+----------+-------------------------------------------
     0 | D:1      | Tinkle the Minotaur Berserker began the quest for the Orb.
     0 | D:1      | Reached XP level 1. HP: 19/19 MP: 0/0
   356 | D:1      | Reached skill level 4 in Axes
   356 | D:1      | Reached XP level 2. HP: 27/27 MP: 1/1
   920 | D:1      | Reached XP level 3. HP: 26/34 MP: 2/2
  1177 | D:1      | Reached ** piety under Trog
  1641 | D:2      | Found a faded altar of an unknown god.
  1645 | D:2      | Found a glowing silver altar of Zin.
  1979 | D:3      | Reached XP level 4. HP: 41/41 MP: 3/3
  1982 | D:3      | Reached skill level 5 in Fighting
  1982 | D:3      | Reached skill level 5 in Axes
  2261 | D:3      | Noticed an ogre
  2271 | D:3      | Killed an ogre
  2272 | D:3      | Reached skill level 6 in Axes
  2272 | D:3      | Reached XP level 5. HP: 6/48 MP: 4/4
  2760 | D:3      | Found a stormy altar of Qazlal.
  3313 | D:4      | Noticed a necrophage
  3322 | D:4      | Killed a necrophage
  3323 | D:4      | Reached skill level 7 in Axes
  3323 | D:4      | Reached XP level 6. HP: 32/56 MP: 5/5
  3612 | D:4      | Reached skill level 8 in Axes
  4029 | D:4      | Reached skill level 9 in Axes
  4029 | D:4      | Reached XP level 7. HP: 57/61 MP: 6/6
  4259 | D:4      | Identified the +4 scale mail "Azayh" {Will+ Int+3}
  4641 | D:5      | Entered Level 5 of the Dungeon
  4665 | D:5      | Reached skill level 10 in Axes
  5340 | D:5      | Reached skill level 11 in Axes
  5340 | D:5      | Reached XP level 8. HP: 68/68 MP: 7/7
  5495 | D:5      | Reached skill level 12 in Axes
  5950 | D:5      | Found a glowing silver altar of Zin.
  6186 | D:6      | Reached *** piety under Trog
  6278 | D:6      | Reached skill level 13 in Axes
  6303 | D:6      | Found a sand-covered staircase.
  6333 | Ossuary  | Entered an ossuary
  6519 | Ossuary  | Reached **** piety under Trog
  6727 | D:6      | You are sucked into a shaft and drop 3 floors!
  6727 | D:9      | Found a broken altar of Ashenzari.
  6757 | D:9      | Noticed a kobold demonologist
  6773 | D:9      | Killed a kobold demonologist
  6774 | D:9      | Reached XP level 9. HP: 72/74 MP: 8/8
  6942 | D:7      | Reached skill level 14 in Axes
  6993 | D:7      | Reached skill level 1 in Shields
  7065 | D:7      | Found a staircase to the Ecumenical Temple.
  7127 | D:7      | Reached ***** piety under Trog
  7643 | D:6      | Received a gift from Trog
  7704 | D:6      | Noticed Grinder
  7711 | D:6      | Killed Grinder
  7712 | D:6      | Reached skill level 5 in Armour
  7772 | D:6      | Found a shimmering altar of Xom.
  7852 | D:6      | Noticed Menkaure
  8347 | D:6      | Killed Menkaure
  8382 | D:6      | Noticed Maggie
  8393 | D:6      | Killed Maggie
  8394 | D:6      | Reached skill level 5 in Dodging
  8394 | D:6      | Reached XP level 10. HP: 48/81 MP: 9/9
  8562 | D:6      | Reached skill level 5 in Shields
  8581 | D:6      | Found a shadowy altar of Dithmenos.
  8745 | D:6      | Found a snail-covered altar of Cheibriados.
  9246 | D:7      | Reached skill level 1 in Evocations
  9731 | D:8      | Identified the +8 long sword of Infection {vorpal, rPois
                  | rF+ rN+}
  9938 | D:8      | Noticed Psyche
  9938 | D:8      | Noticed a two-headed ogre
  9956 | D:8      | Killed Psyche
  9961 | D:8      | Slain by a two-headed ogre

Illustrated notes

Levels and vault maps discovered:
D:1:      wander_arrival_chamber, layout_loops_ring
D:2:      layout_basic, basic_altar, basic_ecumenical_altar
D:3:      layout_loops_ring, nicolae_qazlal_general_emergency,
          minmay_joined_circles
D:4:      layout_rooms, chequers_serial_rivers_marsh
D:5:      layout_loops_ring, lemuel_doored_altar, serial_bayou_pond_e,
          grunt_ministairs_6
D:6:      cheibrodos_iron_armory, layout_loops_ring, cheibriados_altar_1,
          led_xom_imps, mainiacjoe_overflow_tiny_flanked,
          nicolae_ossuary_entry_monument, minivault_4, uniq_grinder,
          uniq_maggie, uniq_menkaure
D:7:      layout_rooms, minmay_temple_entry_slanted, nrook_uturn
D:8:      layout_basic, hangedman_decor_clover_reticule, uniq_psyche
D:9:      layout_roguey, bloody_makhleb, mainiacjoe_overflow_small_starburst,
          mainiacjoe_overflow_alcove_1, nicolae_ashenzari_panopticon,
          gammafunk_temple_overflow_elements, orc_0_dummy, interstate_on_off,
          kennysheep_small_square, uniq_prince_ribbit1, uniq_grum, uniq_erolcha

Skill      XL: |  1  2  3  4  5  6  7  8  9 10 |
---------------+-------------------------------+-----
Fighting       | 4 5 |  5.0
Axes           | 4 6 7 9 11 13 14 | 14.7
Shields        | 4 5 |  5.2
Armour         | 5 |  5.0
Dodging        | 5 |  5.0
Evocations     | 2 |  2.1

Action                   |  1- 3 |  4- 6 |  7- 9 | 10-12 || total
-------------------------+-------+-------+-------+-------++-------
Melee: Hand axe          |    90 |    54 |   330 |       ||   474
       Headbutt          |    12 |    11 |   116 |    16 ||   155
       War axe           |       |       |    69 |    64 ||   133
Throw: Boomerang         |       |       |     2 |       ||     2
Invok: Berserk           |     1 |     1 |     3 |       ||     5
       Trog's Hand       |       |     1 |     2 |     2 ||     5
  Use: Scroll            |       |     2 |     4 |       ||     6
Armor: Animal skin       |    17 |       |       |       ||    17
       Ring mail         |    12 |    11 |     4 |       ||    27
       Scale mail        |       |       |   121 |    13 ||   134
       Plate armour      |       |       |       |    11 ||    11
Dodge: Dodged            |    43 |    24 |   162 |    23 ||   252
Block: Buckler           |       |       |       |     4 ||     4
